 Dungeon Crawl Stone Soup version 0.21.1-1-g345015fe64 (webtiles) character file.

844 Lothor the Slinger (level 8, -11/51 HPs)
             Began as a Halfling Hunter on Apr 4, 2018.
             Mangled by Duvessa
             ... wielding a +0 rapier
              (22 damage)
             ... on level 4 of the Dungeon.
             The game lasted 00:13:31 (3899 turns).

Lothor the Slinger (Halfling Hunter)                Turns: 3899, Time: 00:13:31

Health: -11/51     AC:  4    Str: 13    XL:     8   Next: 20%
Magic:  8/8        EV: 15    Int:  9    God:
Gold:   225        SH:  3    Dex: 17    Spells: 7/7 levels left

rFire    . . .     SeeInvis .   a - +1 hunting sling
rCold    . . .     Gourm    .   (shield restricted)
rNeg     . . .     Faith    .   c - +1 leather armour
rPois    .         Spirit   .   (no helmet)
rElec    .         Reflect  +   (no cloak)
rCorr    .         Harm     .   (no gloves)
MR       .....                  (no boots)
Stlth    ++........             n - +3 amulet of reflection
HPRegen  0.17/turn              (no ring)
MPRegen  0.11/turn              (no ring)

@: no status effects
A: small, mutation resistance 1
a: no special abilities


You were on level 4 of the Dungeon.
You were not hungry.

You visited 1 branch of the dungeon, and saw 4 of its levels.

You collected 225 gold pieces.

Inventory:

Hand Weapons
 a - a +1 hunting sling (weapon)
 b - a +0 short sword
 u - a +2 dagger of holy wrath
Missiles
 h - 64 stones (quivered)
 s - 5 bolts
Armour
 c - a +1 leather armour (worn)
Jewellery
 n - a +3 amulet of reflection (around neck)
Scrolls
 g - 2 scrolls of teleportation {unknown}
 i - a scroll of enchant weapon {unknown}
 j - 4 scrolls of identify
 m - a scroll of fog {unknown}
 q - a scroll of amnesia {unknown}
 r - a scroll of remove curse
 t - a scroll of immolation {unknown}
 v - 2 scrolls of blinking {unknown}
 w - 3 scrolls of enchant armour
 y - a scroll of magic mapping {unknown}
Potions
 d - a potion of curing {unknown}
 e - a potion of degeneration {unknown}
 k - 2 potions of heal wounds {unknown}
 l - a potion of mutation {unknown}
 o - 2 potions of might {unknown}
Comestibles
 f - 6 rations
 z - 7 chunks of flesh


   Skills:
 + Level 2.5 Fighting
 - Level 12.4 Slings
 + Level 2.2 Armour
 + Level 2.6 Dodging
 + Level 1.1 Stealth


You had 7 spell levels left.
You didn't know any spells.

Dungeon Overview and Level Annotations

Branches:
Dungeon (4/15)
 Temple: D:4-7

Altars:
Qazlal
Ru
Uskayaw

Annotations:
D:4 Duvessa


Innate Abilities, Weirdness & Mutations

You are small and have problems with some larger weapons.
You are somewhat resistant to further mutation.


Message History

Duvessa is heavily wounded.
Duvessa barely misses you.
Firing (i - inventory):
h - 67 stones (quivered)
Press: ? - help, Shift-Dir - straight line, f/p - Duvessa
Aim: Duvessa, wielding a rapier, wearing a ring mail and carrying a wand of digging (13) (heavily wounded, berserk, fast, unusually strong)
You shoot a stone. The stone barely misses Duvessa.
Duvessa misses you.
Firing (i - inventory):
h - 66 stones (quivered)
Press: ? - help, Shift-Dir - straight line, f/p - Duvessa
Aim: Duvessa, wielding a rapier, wearing a ring mail and carrying a wand of digging (13) (heavily wounded, berserk, fast, unusually strong)
You shoot a stone.
The stone hits Duvessa but does no damage.
Duvessa is heavily wounded.
Duvessa misses you.
Firing (i - inventory):
h - 65 stones (quivered)
Press: ? - help, Shift-Dir - straight line, f/p - Duvessa
Aim: Duvessa, wielding a rapier, wearing a ring mail and carrying a wand of digging (13) (heavily wounded, berserk, fast, unusually strong)
You shoot a stone. The stone hits Duvessa.
Duvessa is heavily wounded.
Duvessa hits you with a rapier!!
You die...

#.......###.>......
...##........#.#####
.## #..#.#......# ##
#.##..#.#......#
##♣(♣##...##.#......#
#..>..##..##.#......#
...(.##..#.#......#
#.e.##...#......#
♣@♣#...########
####'##.### #.......#
#...#...### ### ###.#
#. #


You could see Duvessa (berserk).

Vanquished Creatures
  A hippogriff (D:4)
  The ghost of Ursun the Shield-Bearer, an amateur GrFi (D:4)
  An ogre (D:4)
  Dowan (D:4)
  2 orc priests
  A hound (D:4)
  A human zombie (D:4)
  An iguana (D:4)
  Ijyb (D:3)
  6 gnolls (D:3)
  10 adders
  An ooze (D:2)
  2 worms
  3 dart slugs
  2 leopard geckos
  10 orcs
  2 ball pythons
  2 bats
  3 giant cockroaches
  8 goblins
  6 hobgoblins
  2 jackals (D:2)
  4 kobolds
  A quokka (D:4)
  5 frilled lizards
  8 rats
85 creatures vanquished.

Notes
Turn   | Place    | Note
-------+----------+-------------------------------------------
     0 | D:1      | Lothor the Halfling Hunter began the quest for the Orb.
     0 | D:1      | Reached XP level 1. HP: 14/14 MP: 1/1
     7 | D:1      | Reached skill level 6 in Slings
    81 | D:1      | Reached XP level 2. HP: 19/19 MP: 2/2
   627 | D:1      | Reached skill level 7 in Slings
   627 | D:1      | Reached XP level 3. HP: 24/24 MP: 3/3
  1099 | D:2      | Found a hide-covered altar of Uskayaw.
  1267 | D:2      | Reached XP level 4. HP: 29/29 MP: 4/4
  1376 | D:2      | Reached skill level 8 in Slings
  1535 | D:2      | Found a sacrificial altar of Ru.
  1832 | D:3      | Reached skill level 9 in Slings
  1832 | D:3      | Reached XP level 5. HP: 15/34 MP: 5/5
  2025 | D:3      | Found a faded altar of an unknown god.
  2199 | D:3      | Found a stormy altar of Qazlal.
  2286 | D:3      | Noticed Ijyb
  2326 | D:3      | Killed Ijyb
  2326 | D:3      | Reached XP level 6. HP: 27/39 MP: 6/6
  2557 | D:3      | Reached skill level 10 in Slings
  3163 | D:4      | Noticed Ursun's ghost (amateur GrFi)
  3165 | D:4      | Noticed Sigmund
  3206 | D:4      | Killed Ursun's ghost
  3206 | D:4      | Reached skill level 11 in Slings
  3206 | D:4      | Reached XP level 7. HP: 16/44 MP: 7/7
  3472 | D:4      | Noticed a hippogriff
  3488 | D:4      | Killed a hippogriff
  3488 | D:4      | Reached skill level 12 in Slings
  3742 | D:4      | Reached skill level 1 in Armour
  3742 | D:4      | Reached XP level 8. HP: 39/50 MP: 8/8
  3872 | D:4      | Noticed Dowan
  3873 | D:4      | Noticed Duvessa
  3884 | D:4      | Killed Dowan
  3899 | D:4      | Mangled by Duvessa

Skill      XL: |  1  2  3  4  5  6  7  8 |
---------------+-------------------------+-----
Slings         | 6 7 9 11 12 | 12.4
Fighting       | 2 |  2.5
Armour         | 1 2 |  2.2
Dodging        | |  2.6
Stealth        | |  1.1

Action                   |  1- 3 |  4- 6 |  7- 9 || total
-------------------------+-------+-------+-------++-------
 Fire: Hunting sling     |    82 |   222 |    84 ||   388
  Use: Scroll            |       |       |     3 ||     3
  Eat: Chunk             |     1 |     5 |     2 ||     8
Armor: Leather armour    |     5 |    16 |     7 ||    28
Dodge: Dodged            |    17 |    55 |    22 ||    94
Block: Other             |       |       |     2 ||     2
